 Dungeon Crawl Stone Soup version 0.31-a0-1272-g9f703e4c1d (webtiles) character file.

Game seed: 3705918933274398565

2861 skfef the Shield-Bearer (level 9, -2/81 HPs)
             Began as a Minotaur Fighter on Dec 17, 2023.
             Was a Follower of Okawaru.
             Slain by a hornet (11 damage)
             ... while paralysed by a hornet
             ... on level 7 of the Dungeon.
             The game lasted 00:10:58 (6312 turns).

skfef the Shield-Bearer (Minotaur Fighter)          Turns: 6312, Time: 00:10:59

Health: -2/81      AC:  9    Str: 30    XL:     9   Next: 47%
Magic:  8/8        EV:  2    Int:  5    God:    Okawaru [*.....]
Gold:   256        SH:  0    Dex: 11    Spells: 8/8 levels left

rFire   . . .        a - +2 war axe (elec)
rCold   . . .        c - +1 buckler
rNeg    . . .        b - +0 scale mail
rPois   .            (helmet restricted)
rElec   .            (no cloak)
rCorr   .            k - +0 pair of gloves
SInv    .            (no boots)
Will    .....        u - amulet of reflection Stlth
                     h - ring of flight
HPRegen 0.33/turn    n - +6 ring of strength
MPRegen 0.11/turn

%: reflection
@: paralysed, lethally poisoned (-2 -> -5), flying, studying Maces & Flails
A: horns 2, retaliatory headbutt
a: Renounce Religion, Heroism


You were on level 7 of the Dungeon.
You worshipped Okawaru.
Okawaru was aware of your devotion.
You visited 1 branch of the dungeon, and saw 7 of its levels.
You also visited: Ossuary.

You collected 386 gold pieces.
You spent 130 gold pieces at shops.

Inventory:

Hand Weapons
 a - a +2 war axe of electrocution (weapon)
Armour
 b - a +0 scale mail (worn)
 c - a +1 buckler (worn)
 k - a +0 pair of gloves (worn)
Jewellery
 h - a ring of flight (left hand)
 n - a +6 ring of strength (right hand)
 r - a ring of willpower
 s - a ring of protection from fire
 u - an amulet of reflection (around neck)
Wands
 v - a wand of flame (21)
Scrolls
 g - 2 scrolls of fog
 o - a scroll of enchant armour
 p - 3 scrolls of teleportation
 x - a scroll of blinking
Potions
 d - 2 potions of might
 e - 3 potions of haste
 f - a potion of enlightenment
 i - a potion of lignification {unknown}
 j - a potion of invisibility
 l - 3 potions of curing
 m - 2 potions of heal wounds
 q - 2 potions of cancellation
 t - a potion of attraction {unknown}
 w - a potion of ambrosia {unknown}


   Skills:
 + Level 7.9 Fighting
 + Level 7.4 Axes
 + Level 7.9 Armour
 + Level 6.2 Dodging
 + Level 7.9 Shields


You had 8 spell levels left.
You didn't know any spells.
Your spell library contained the following spells:

 Spells                   Type           Power      Damage    Failure   Level
 Apportation              Tloc           0%         N/A       75%         1
 Jinxbite                 Hex            0%         N/A       86%         2
 Gell's Gravitas          Tloc           0%         N/A       98%         3
 Teleport Other           Tloc           0%         N/A       98%         3
 Alistair's Intoxication  Tmut/Pois      0%         N/A       100%        5
 Borgnjor's Vile Clutch   Necr/Erth      0%         N/A       100%        5
 Dispersal                Tloc           0%         N/A       100%        6
 Animate Dead             Necr           Unusable   N/A       N/A         4
 Death Channel            Necr           Unusable   N/A       N/A         6

Dungeon Overview and Level Annotations

Branches:
Dungeon (7/15)             Temple (0/1) D:7         Ossuary (visited)

Altars:
Dithmenos
Fedhas
Gozag
Okawaru
Qazlal
Trog

Shops:
D:3 !   D:7 :

Portals:
Abyss: D:6

Annotations:
D:6 2 transporters, TheSeeker391's ghost, novice HOFi


Innate Abilities, Weirdness & Mutations

You have a pair of horns on your head.
You reflexively headbutt those who attack you in melee.


Message History

You are poisoned.
You feel yourself slow down. You block the hornet's attack. x2
Unknown command.
You barely miss the hornet.
The hornet is almost dead.
You feel yourself speed up.
You feel very sick. You block the hornet's attack.
The hornet stings you but does no damage.
The hornet stings you.
You feel yourself slow down.
You hit the hornet.
The hornet is almost dead.
You feel yourself speed up.
You feel sick. The hornet stings you.
You suddenly lose the ability to move!
The hornet stings you!
You are more poisoned.
You feel yourself slow down.
You can move again.
You are too injured to fight recklessly!
You are too injured to fight recklessly!
You closely miss the hornet.
The hornet is almost dead.
You feel yourself speed up.
You feel very sick. You block the hornet's attack. x2
Unknown command.
You closely miss the hornet.
The hornet is almost dead.
You feel sick.
The hornet stings you but does no damage. x2
Unknown command.
You barely miss the hornet.
The hornet is almost dead.
You feel sick. You block the hornet's attack. The hornet stings you!
* * * LOW HITPOINT WARNING * * *
You suddenly lose the ability to move!
You feel sick.
The hornet stings you but does no damage.
The hornet stings you!
You die...

#.. #.### ..#.. # #.#.#
#.# # # #.#.# ≈≈.≈
#.#.#.#.####≈≈≈.≈
.##.##...#.#..?..≈≈⌠.⌠
.............@y>...∩.
#.......#.##....≈≈⌠.⌠
###.....#.#.#...#.≈≈≈.≈
.#......##.#.#####.#≈≈.≈
....#......#.# # #.#
.........# #.# .# #
#####.#<.###'#####.#
...................#
######.............#


You could see a hornet.

Vanquished Creatures
  Sigmund (D:4)
  2 steam dragons (D:6)
  A water moccasin (D:6)
  4 centaurs
  2 phantoms
  Blork the orc (D:4)
  11 scorpions
  A bullfrog (D:6)
  5 centaur zombies (Ossuary)
  2 hounds
  A jelly (D:4)
  5 human zombies (Ossuary)
  3 orc priests (D:6)
  An iguana (D:6)
  5 scorpion zombies (Ossuary)
  3 orc wizards
  A sleepcap (D:5)
  Natasha (thrice) (D:4)
  3 mummies (Ossuary)
  6 gnolls
  5 adders
  2 shadow imps (D:5)
  6 ufetubi
  A worm (D:4)
  3 dart slugs
  21 orcs
  8 ball pythons
  7 bats
  4 endoplasms
  A giant cockroach (D:2)
  9 goblins
  4 hobgoblins
  5 quokkas
  3 frilled lizards (D:3)
  A gnoll zombie (Ossuary)
  A hobgoblin zombie (Ossuary)
  11 kobolds
  3 kobold zombies (Ossuary)
  An orc zombie (Ossuary)
  5 rats
162 creatures vanquished.

Vanquished Creatures (others)
  A goblin (D:4)
1 creature vanquished.

Grand Total: 163 creatures vanquished

Notes
Turn   | Place    | Note
-------+----------+-------------------------------------------
     0 | D:1      | skfef the Minotaur Fighter began the quest for the Orb.
     0 | D:1      | Reached XP level 1. HP: 19/19 MP: 0/0
   181 | D:1      | Reached XP level 2. HP: 21/27 MP: 1/1
   350 | D:1      | Reached skill level 1 in Dodging
   576 | D:1      | Reached XP level 3. HP: 33/33 MP: 2/2
   947 | D:2      | Reached XP level 4. HP: 31/40 MP: 3/3
  1187 | D:2      | Found a faded altar of an unknown god.
  1258 | D:2      | Found an opulent altar of Gozag.
  1476 | D:3      | Found Xieth's Distillery.
  1506 | D:3      | Bought a potion of curing for 39 gold pieces
  1506 | D:3      | Bought a potion of curing for 39 gold pieces
  1506 | D:3      | Bought a potion of might for 52 gold pieces
  1652 | D:3      | Found a blossoming altar of Fedhas.
  2065 | D:4      | Reached XP level 5. HP: 40/47 MP: 4/4
  2224 | D:4      | Noticed Sigmund
  2228 | D:4      | Noticed Natasha
  2234 | D:4      | Killed Sigmund
  2235 | D:4      | Reached skill level 5 in Fighting
  2235 | D:4      | Reached XP level 6. HP: 39/56 MP: 5/5
  2238 | D:4      | Killed Natasha
  2239 | D:4      | Reached skill level 5 in Armour
  2239 | D:4      | Reached skill level 5 in Shields
  2428 | D:4      | Noticed Natasha
  2434 | D:4      | Killed Natasha
  2476 | D:4      | Noticed Blork the orc
  2493 | D:4      | Killed Blork the orc
  2494 | D:4      | Reached XP level 7. HP: 15/61 MP: 6/6
  2985 | D:4      | Noticed Natasha
  2989 | D:4      | Killed Natasha
  2990 | D:4      | Reached skill level 5 in Axes
  3025 | D:5      | Entered Level 5 of the Dungeon
  3148 | D:5      | Found a sand-covered staircase.
  3157 | Ossuary  | Entered an ossuary
  3330 | Ossuary  | Reached XP level 8. HP: 67/70 MP: 7/7
  3603 | Ossuary  | Reached skill level 5 in Dodging
  4029 | D:5      | Found a stormy altar of Qazlal.
  4081 | D:5      | Found an iron altar of Okawaru.
  4094 | D:5      | Became a worshipper of Warmaster Okawaru
  4503 | D:6      | Reached XP level 9. HP: 75/79 MP: 8/8
  4868 | D:6      | Reached * piety under Okawaru
  5308 | D:6      | Found a transporter.
  5313 | D:6      | Noticed a red ugly thing
  5314 | D:6      | Noticed TheSeeker391's ghost (novice HOFi)
  5465 | D:6      | Found a bloodstained altar of Trog.
  5501 | D:6      | Found a shadowy altar of Dithmenos.
  5660 | D:6      | Found a transporter.
  5907 | D:6      | Found a one-way gate to the infinite horrors of the Abyss.
  5939 | D:6      | Noticed a white ugly thing
  6161 | D:7      | Found a staircase to the Ecumenical Temple.
  6303 | D:7      | Found Meapnuhawk's Self-Improvement Boutique.
  6308 | D:7      | Paralysed by a hornet for 1 turns
  6311 | D:7      | Paralysed by a hornet for 3 turns
  6312 | D:7      | Slain by a hornet

Illustrated notes

Levels and vault maps discovered:
D:1:      lordsloth_arrival_two_stooges, layout_basic
D:2:      layout_basic, chequers_ecumenical_altar_grove, basic_altar
D:3:      layout_basic, lemuel_round_altar, serial_shops,
          nicolae_shop_industrial_runoff, hangedman_decor_clover_reticule
D:4:      layout_basic, minmay_manual_mares, uniq_sigmund, uniq_natasha,
          uniq_blork_the_orc
D:5:      layout_basic, okawaru_altar_gauntlet_db,
          nicolae_qazlal_general_emergency, chequers_ossuary_entry_cave,
          interstate_on_off
D:6:      layout_layer_cave, mainiacjoe_overflow_catch_the_wave,
          gammafunk_ghost_abyssal_escape, chequers_serial_rivers_marsh
D:7:      layout_basic, minmay_temple_entry_poolview, serial_shops,
          nicolae_shop_peninsula, enter_bailey_8, kennysheep_big_empty_room,
          nicolae_shop_self_help

Skill      XL: |  1  2  3  4  5  6  7  8  9 |
---------------+----------------------------+-----
Dodging        | 1 2 3 4 5 6 |  6.2
Shields        | 4 5 6 7 |  7.9
Fighting       | 4 5 6 7 |  7.9
Armour         | 4 5 6 7 |  7.9
Axes           | 3 4 5 6 7 |  7.4

Action                     |  1- 3 |  4- 6 |  7- 9 || total
---------------------------+-------+-------+-------++-------
  Melee: War axe           |    68 |    96 |   257 ||   421
         Headbutt          |     9 |    11 |    52 ||    72
    Use: Scroll            |     5 |     4 |     9 ||    18
         Potion            |       |     3 |     1 ||     4
   Stab: Invisible         |       |     2 |     1 ||     3
 Armour: Scale mail        |    61 |    99 |   185 ||   345
  Dodge: Dodged            |    38 |    57 |   125 ||   220
  Block: Buckler           |    20 |    38 |   105 ||   163
         Reflection        |       |       |     2 ||     2

Table legend: (Time is in decaauts)
 A = Elapsed time spent in this place.
 B = Non-inter-level travel time spent in this place.
 C = Inter-level travel time spent in this place.
 D = Time resting spent in this place.
 E = Time spent auto-exploring this place.
 F = Levels seen in this place.
 G = Mean time per level.
                   A        B        C        D        E       F      G
               +--------+--------+--------+--------+--------+-----+--------+
         Total |   6426 |   6223 |    203 |    295 |   4546 |   8 |  803.2 |
       Dungeon |   5650 |   5447 |    203 |      4 |   4383 |   7 |  807.1 |
       Ossuary |    775 |    775 |      0 |    291 |    163 |   1 |  775.0 |
               +--------+--------+--------+--------+--------+-----+--------+

Top non-repeatable levels by time:
     D:6: 1692 daAuts
     D:4: 984 daAuts
 Ossuary: 775 daAuts
     D:1: 725 daAuts
     D:2: 712 daAuts
     D:5: 677 daAuts
     D:3: 667 daAuts
     D:7: 191 daAuts
